TOP OF THE 1ST |
Richland Rails batting - Pitching for Akron Blimps : RHP Jay Cannon
|
Pitching: RHP Jay Cannon
|
|
Batting: LHB Glenn Lockhart
|
0-0: Called Strike 0-1: Called Strike 0-2: Foul Ball, location: 2F 0-2: Ball 1-2: Ball 2-2: Ball 3-2: Strikes out swinging
|
Batting: RHB Hsui-chuan Hong
|
0-0: Ball 1-0: Ball 2-0: Swinging Strike 2-1: Swinging Strike 2-2: Strikes out swinging
|
Batting: SHB Fa-hsien Tze
|
0-0: Swinging Strike 0-1: Ball 1-1: Ball 2-1: Foul Ball, location: 2F 2-2: Foul Ball, location: 2F 2-2: Ground out 4-3 (Groundball, 34, EV 99.4 MPH)
|
Top of the 1st over - 0 runs, 0 hits, 0 errors, 0 left on base; Richland 0 - Akron 0 |
BOTTOM OF THE 1ST |
Akron Blimps batting - Pitching for Richland Rails : RHP Maverick Handley
|
Pitching: RHP Maverick Handley
|
|
Batting: LHB Pat Carter
|
0-0: Foul Ball, location: 2F 0-1: Fly out, F8 (Flyball, 89D, EV 90.6 MPH)
|
Batting: LHB León Castillo
|
0-0: Ball 1-0: Swinging Strike 1-1: Called Strike 1-2: Fly out, F3 (Flyball, 3D, EV 82.5 MPH)
|
Batting: LHB Surender Nada
|
0-0: Ball 1-0: Swinging Strike 1-1: Called Strike 1-2: Foul Ball, location: 2F 1-2: Ball 2-2: Foul Ball, location: 2F 2-2: Ball 3-2: Fly out, F8 (Line Drive, 8LD, EV 97.5 MPH)
|
Bottom of the 1st over - 0 runs, 0 hits, 0 errors, 0 left on base; Richland 0 - Akron 0 |
TOP OF THE 2ND |
Richland Rails batting - Pitching for Akron Blimps : RHP Jay Cannon
|
Batting: LHB Tony Wonder
|
0-0: Ball 1-0: Called Strike 1-1: Ball 2-1: Foul Ball, location: 2F 2-2: Foul Ball, location: 2F 2-2: Fly out, F7 (Flyball, 7LM, EV 78.8 MPH)
|
Batting: RHB Ernesto Rivera
|
0-0: Called Strike 0-1: Ball 1-1: Called Strike 1-2: Ball 2-2: Ground out 6-3 (Groundball, 6MD, EV 98.1 MPH)
|
Batting: RHB Falco Opsteegh
|
0-0: SINGLE (Line Drive, 3D, EV 96.9 MPH)
|
Batting: RHB José Vargas
|
0-0: Called Strike 0-1: DOUBLE (Line Drive, 78M, EV 100.6 MPH) Falco Opsteegh to third Runner from 3rd tries for Home, SAFE, throw by CF to home
|
Batting: RHB Kel Warren
|
0-0: Ball 1-0: Ball 2-0: Ball 3-0: Called Strike 3-1: Base on Balls
|
Batting: SHB Miguel González
|
0-0: Called Strike 0-1: Ball 1-1: Ground out 1-3 (Groundball, 13, EV 83.8 MPH)
|
Top of the 2nd over - 1 run, 2 hits, 0 errors, 2 left on base; Richland 1 - Akron 0 |
BOTTOM OF THE 2ND |
Akron Blimps batting - Pitching for Richland Rails : RHP Maverick Handley
|
Batting: RHB Paul Bader
|
0-0: Called Strike 0-1: Swinging Strike 0-2: Strikes out swinging
|
Batting: RHB Carlos Martínez
|
0-0: Called Strike 0-1: Swinging Strike 0-2: Ball 1-2: Strikes out swinging
|
Batting: RHB Jeff Fox
|
0-0: Foul Ball, location: 2F 0-1: Foul Ball, location: 2F 0-2: SINGLE (Groundball, 6MD, EV 104.4 MPH)
|
Batting: LHB Bob Giles
|
0-0: Ball 1-0: Ball 2-0: Ball 3-0: Base on Balls Jeff Fox to second
|
Batting: RHB Dale Epner
|
0-0: Called Strike 0-1: SINGLE (Line Drive, 56, EV 105.6 MPH) Jeff Fox to third Bob Giles to second Runner from 3rd tries for Home, SAFE, throw by LF to home
|
Batting: SHB Donnie Magee
|
0-0: Ground out 4-3 (Groundball, 4, EV 101.9 MPH)
|
Bottom of the 2nd over - 1 run, 2 hits, 0 errors, 2 left on base; Richland 1 - Akron 1 |
TOP OF THE 3RD |
Richland Rails batting - Pitching for Akron Blimps : RHP Jay Cannon
|
Batting: LHB Glenn Lockhart
|
0-0: Ball 1-0: Ball 2-0: Called Strike 2-1: Ball 3-1: SINGLE (Flyball, 8RS, EV 96.2 MPH)
|
Batting: RHB Hsui-chuan Hong
|
0-0: Ball 1-0: Ball 2-0: Ball 3-0: Called Strike 3-1: Grounds into double play, 5-4-3 (Groundball, 56S, EV 79.4 MPH)
|
Batting: SHB Fa-hsien Tze
|
0-0: Called Strike 0-1: SINGLE (Flyball, 56D, EV 90.0 MPH)
|
Batting: LHB Tony Wonder
|
0-0: Ball 1-0: DOUBLE (Line Drive, 7LS, EV 111.2 MPH) Fa-hsien Tze to third Runner from 3rd tries for Home, SAFE, no throw by LF
|
Batting: RHB Ernesto Rivera
|
0-0: Foul Ball, location: 2F 0-1: Fly out, F9 (Flyball, 9LSF, EV 82.5 MPH)
|
Top of the 3rd over - 1 run, 3 hits, 0 errors, 1 left on base; Richland 2 - Akron 1 |
BOTTOM OF THE 3RD |
Akron Blimps batting - Pitching for Richland Rails : RHP Maverick Handley
|
Batting: LHB Pat Carter
|
0-0: Ball 1-0: Ball 2-0: Ball 3-0: Called Strike 3-1: Swinging Strike 3-2: DOUBLE (Groundball, 5L, EV 107.5 MPH)
|
Batting: LHB León Castillo
|
0-0: Ball 1-0: Foul Ball, location: 2F 1-1: Called Strike 1-2: Hit by Pitch
|
Pinch Runner at 1st Donald Lund:
|
|
Batting: LHB Surender Nada
|
0-0: Ball 1-0: Foul Ball, location: 2F 1-1: Ball 2-1: Fly out, F9 (Line Drive, 9, EV 92.5 MPH)
|
Batting: RHB Paul Bader
|
0-0: Ball Pat Carter is caught stealing 3rd base 2-5 1-0: Ball 2-0: Called Strike 2-1: Foul Ball, location: 2F 2-2: Fly out, F7 (Flyball, 78M, EV 95.6 MPH)
|
Bottom of the 3rd over - 0 runs, 1 hit, 0 errors, 1 left on base; Richland 2 - Akron 1 |
TOP OF THE 4TH |
Richland Rails batting - Pitching for Akron Blimps : RHP Jay Cannon
|
Now in RF: Frank Brinton
|
|
Batting: RHB Falco Opsteegh
|
0-0: Fly out, F8 (Flyball, 8RXD, EV 102.5 MPH)
|
Batting: RHB José Vargas
|
0-0: Ground out 5-3 (Groundball, 5, EV 100.6 MPH)
|
Batting: RHB Kel Warren
|
0-0: Ground out 1-3 (Groundball, 13, EV 83.8 MPH)
|
Top of the 4th over - 0 runs, 0 hits, 0 errors, 0 left on base; Richland 2 - Akron 1 |
BOTTOM OF THE 4TH |
Akron Blimps batting - Pitching for Richland Rails : RHP Maverick Handley
|
Batting: RHB Carlos Martínez
|
0-0: Ball 1-0: Ball 2-0: Swinging Strike 2-1: Foul Ball, location: 2F 2-2: Ball 3-2: Base on Balls
|
Batting: RHB Jeff Fox
|
0-0: Ball 1-0: Called Strike 1-1: Foul Ball, location: 2F 1-2: Ball 2-2: Fly out, F9 (Flyball, 9S, EV 90.0 MPH)
|
Batting: LHB Bob Giles
|
0-0: Ball Carlos Martínez steals 2nd base 1-0: Swinging Strike 1-1: Ball 2-1: Ball 3-1: DOUBLE (Flyball, 8RXD, EV 90.6 MPH) Carlos Martínez scores
|
Batting: RHB Dale Epner
|
0-0: Fly out, F9 (Line Drive, 9, EV 98.8 MPH)
|
Batting: SHB Donnie Magee
|
0-0: Fly out, F9 (Flyball, 9LD, EV 81.9 MPH)
|
Bottom of the 4th over - 1 run, 1 hit, 0 errors, 1 left on base; Richland 2 - Akron 2 |
TOP OF THE 5TH |
Richland Rails batting - Pitching for Akron Blimps : RHP Jay Cannon
|
Batting: SHB Miguel González
|
0-0: Ball 1-0: Fly out, F6 (Line Drive, 6, EV 65.6 MPH)
|
Batting: LHB Glenn Lockhart
|
0-0: Called Strike 0-1: Ball 1-1: Swinging Strike 1-2: Foul Ball, location: 2F 1-2: Strikes out looking
|
Batting: RHB Hsui-chuan Hong
|
0-0: Bunted foul 0-1: Fly out, F9 (Flyball, 89S, EV 93.1 MPH)
|
Top of the 5th over - 0 runs, 0 hits, 0 errors, 0 left on base; Richland 2 - Akron 2 |
BOTTOM OF THE 5TH |
Akron Blimps batting - Pitching for Richland Rails : RHP Maverick Handley
|
Batting: LHB Pat Carter
|
0-0: Ground out 4-3 (Groundball, 4MD, EV 97.5 MPH)
|
Batting: LHB Frank Brinton
|
0-0: Called Strike 0-1: Swinging Strike 0-2: Strikes out swinging
|
Batting: LHB Surender Nada
|
0-0: Called Strike 0-1: Ball 1-1: Ball 2-1: Ball 3-1: SINGLE (Groundball, 4MD, EV 98.1 MPH)
|
Batting: RHB Paul Bader
|
0-0: Ball 1-0: Foul Ball, location: 2F 1-1: Foul Ball, location: 2F 1-2: Fly out, F8 (Flyball, 78D, EV 110.6 MPH)
|
Bottom of the 5th over - 0 runs, 1 hit, 0 errors, 1 left on base; Richland 2 - Akron 2 |
TOP OF THE 6TH |
Richland Rails batting - Pitching for Akron Blimps : RHP Jay Cannon
|
Batting: SHB Fa-hsien Tze
|
0-0: Ball 1-0: Ball 2-0: Called Strike 2-1: Foul Ball, location: 2F 2-2: Ground out 1-3 (Groundball, 13S, EV 71.9 MPH)
|
Batting: LHB Tony Wonder
|
0-0: Called Strike 0-1: Ball 1-1: Ball 2-1: Called Strike 2-2: Strikes out swinging
|
Batting: RHB Ernesto Rivera
|
0-0: Foul Ball, location: 2F 0-1: Ball 1-1: Ball 2-1: Called Strike 2-2: DOUBLE (Flyball, 8RXD, EV 100.0 MPH)
|
Batting: RHB Falco Opsteegh
|
0-0: Ball 1-0: Ground out 5-3 (Groundball, 56, EV 89.4 MPH)
|
Top of the 6th over - 0 runs, 1 hit, 0 errors, 1 left on base; Richland 2 - Akron 2 |
BOTTOM OF THE 6TH |
Akron Blimps batting - Pitching for Richland Rails : RHP Maverick Handley
|
Batting: RHB Carlos Martínez
|
0-0: Ground out 6-3 (Groundball, 6, EV 91.9 MPH)
|
Batting: RHB Jeff Fox
|
0-0: Ball 1-0: Ball 2-0: Ball 3-0: Called Strike 3-1: Called Strike 3-2: SINGLE (Flyball, 9LS, EV 90.6 MPH)
|
Batting: LHB Bob Giles
|
0-0: Called Strike 0-1: Fly out, F8 (Flyball, 8RM, EV 97.5 MPH)
|
Batting: RHB Dale Epner
|
0-0: Ball 1-0: Ball 2-0: Foul Ball, location: 2F 2-1: Called Strike 2-2: Ball 3-2: Ground out 4-3 (Groundball, 34, EV 103.8 MPH)
|
Bottom of the 6th over - 0 runs, 1 hit, 0 errors, 1 left on base; Richland 2 - Akron 2 |
TOP OF THE 7TH |
Richland Rails batting - Pitching for Akron Blimps : RHP Jay Cannon
|
Batting: RHB José Vargas
|
0-0: Ground out 5-3 (Groundball, 56, EV 89.4 MPH)
|
Batting: RHB Kel Warren
|
0-0: Ball 1-0: Foul Ball, location: 2F 1-1: Ball 2-1: Called Strike 2-2: Ball 3-2: Strikes out swinging
|
Batting: SHB Miguel González
|
0-0: Ball 1-0: SINGLE (Groundball, 6MD, EV 95.0 MPH)
|
Batting: LHB Glenn Lockhart
|
0-0: Swinging Strike 0-1: Ball 1-1: Foul Ball, location: 2F 1-2: Ball 2-2: Ball 3-2: Ground out 6-3 (Groundball, 6, EV 87.5 MPH)
|
Top of the 7th over - 0 runs, 1 hit, 0 errors, 1 left on base; Richland 2 - Akron 2 |
BOTTOM OF THE 7TH |
Akron Blimps batting - Pitching for Richland Rails : RHP Maverick Handley
|
Pitching: RHP Stan Burgemeester
|
|
Batting: SHB Donnie Magee
|
0-0: Called Strike 0-1: Called Strike 0-2: Ball 1-2: Strikes out swinging
|
Batting: LHB Pat Carter
|
0-0: Called Strike 0-1: Ball 1-1: Ball 2-1: Foul Ball, location: 2F 2-2: Ground out 1-3 (Groundball, 13, EV 85.6 MPH)
|
Batting: LHB Frank Brinton
|
0-0: Ball 1-0: Called Strike 1-1: Ball 2-1: Called Strike 2-2: Foul Ball, location: 2F 2-2: Ball 3-2: Base on Balls
|
Batting: LHB Surender Nada
|
0-0: Ball Frank Brinton is caught stealing 2nd base 2-6
|
Bottom of the 7th over - 0 runs, 0 hits, 0 errors, 0 left on base; Richland 2 - Akron 2 |
TOP OF THE 8TH |
Richland Rails batting - Pitching for Akron Blimps : RHP Jay Cannon
|
Batting: RHB Hsui-chuan Hong
|
0-0: Ball 1-0: Called Strike 1-1: Ball 2-1: Swinging Strike 2-2: Ball 3-2: Base on Balls
|
Pitching: LHP Wiley Washington
|
|
Batting: SHB Fa-hsien Tze
|
0-0: Called Strike 0-1: Ball 1-1: Swinging Strike 1-2: Ball 2-2: Ball 3-2: Grounds into double play, 6-4-3 (Groundball, 6, EV 87.5 MPH)
|
Batting: LHB Tony Wonder
|
0-0: Ground out 6-3 (Groundball, 4MD, EV 110.0 MPH)
|
Top of the 8th over - 0 runs, 0 hits, 0 errors, 0 left on base; Richland 2 - Akron 2 |
BOTTOM OF THE 8TH |
Akron Blimps batting - Pitching for Richland Rails : RHP Stan Burgemeester
|
Batting: LHB Surender Nada
|
0-0: SINGLE (Line Drive, 8RS, EV 111.2 MPH)
|
Batting: RHB Paul Bader
|
0-0: Ball 1-0: Ball 2-0: Ball 3-0: Base on Balls Surender Nada to second
|
Batting: RHB Carlos Martínez
|
0-0: Called Strike 0-1: Foul Ball, location: 2F 0-2: Ball 1-2: Reached on error, E3 (Groundball, 34S, EV 69.4 MPH) Surender Nada to third Paul Bader to second
|
Batting: RHB Jeff Fox
|
0-0: Called Strike 0-1: Ball Wild Pitch! Surender Nada scores Paul Bader to third Carlos Martínez to second 1-1: Intentional Walk
|
Batting: LHB Bob Giles
|
0-0: Called Strike 0-1: Foul Ball, location: 2F 0-2: Fly out, F8 (Flyball, 8LS, EV 83.1 MPH)
|
Batting: RHB Dale Epner
|
0-0: Called Strike 0-1: Ball 1-1: Foul Ball, location: 2F 1-2: Foul Ball, location: 2F 1-2: Strikes out looking
|
Batting: SHB Donnie Magee
|
0-0: Ball 1-0: Ground out 4-3 (Groundball, 4, EV 104.4 MPH)
|
Bottom of the 8th over - 1 run, 1 hit, 1 error, 3 left on base; Richland 2 - Akron 3 |
TOP OF THE 9TH |
Richland Rails batting - Pitching for Akron Blimps : LHP Wiley Washington
|
Pitching: RHP Juan Vias
|
|
Now in RF: Jon Huband
|
|
Batting: RHB Ernesto Rivera
|
0-0: Ground out 6-3 (Groundball, 6S, EV 69.4 MPH)
|
Batting: RHB Falco Opsteegh
|
0-0: Ball 1-0: Foul Ball, location: 2F 1-1: Swinging Strike 1-2: Ground out 4-3 (Groundball, 4MS, EV 70.0 MPH)
|
Batting: RHB José Vargas
|
0-0: Fly out, F9 (Flyball, 9LS, EV 87.5 MPH)
|
Top of the 9th over - 0 runs, 0 hits, 0 errors, 0 left on base; Richland 2 - Akron 3 |
|